 Dungeon Crawl Stone Soup version 0.29-a0-323-g050149af67 (webtiles) character file.

Game seed: 631919921073958226

38 zishaf the Shooter (level 3, 24/29 HPs)
             Began as a Human Hunter on Apr 11, 2022.
             Quit the game on level 2 of the Dungeon.
             The game lasted 00:01:00 (863 turns).

zishaf the Shooter (Human Hunter)                    Turns: 863, Time: 00:01:01

Health: 24/29      AC:  3    Str: 11    XL:     3   Next: 65%
Magic:  3/3        EV: 12    Int:  9    God:
Gold:   105        SH:  0    Dex: 18    Spells: 2/2 levels left

rFire   . . .      SeeInvis .   a - +1 shortbow
rCold   . . .      Faith    .   (shield currently unavailable)
rNeg    . . .      Spirit   .   b - +0 leather armour
rPois   .          Reflect  .   (no helmet)
rElec   .          Harm     .   (no cloak)
rCorr   .          Rampage  .   (no gloves)
Will    .....                   (no boots)
Stlth   ++........              (no amulet)
HPRegen 0.09/turn               (no ring)
MPRegen 0.08/turn               (no ring)

@: no status effects
A: no striking features
a: no special abilities


You were on level 2 of the Dungeon.
You visited 1 branch of the dungeon, and saw 2 of its levels.

You collected 105 gold pieces.

Inventory:

Hand Weapons
 a - a +1 shortbow (weapon)
Armour
 b - a +0 leather armour (worn)
Jewellery
 i - a ring of protection from fire
Scrolls
 c - 2 scrolls of immolation
 d - a scroll of magic mapping {unknown}
 e - 2 scrolls of identify {unknown}
 f - a scroll of holy word {unknown}
 g - a scroll of vulnerability {unknown}
Potions
 h - a potion of brilliance {unknown}


   Skills:
 + Level 3.0 Fighting
 + Level 4.6 Bows
 - Level 2.0 Dodging
 - Level 1.0 Stealth


You had 2 spell levels left.
You didn't know any spells.
Your spell library was empty.

Dungeon Overview and Level Annotations

Branches:
Dungeon (2/15)

Altars:


Message History

The jackal bites you but does no damage.
The jackal misses you.
You shoot an arrow. The arrow closely misses the jackal.
The jackal closely misses you. The jackal barely misses you.
You shoot an arrow. The arrow barely misses the jackal.
The jackal barely misses you.
The jackal bites you but does no damage.
You shoot an arrow. The arrow hits the jackal.
You kill the jackal!
No target in view!
No target in view!
No target in view!
Found a stone staircase leading down.
You now have 105 gold pieces (gained 11).
Found a stone staircase leading up.
h - a cyan potion
i - a ring of protection from fire A hobgoblin comes into view.
A hobgoblin is nearby!
You shoot an arrow. The arrow barely misses the hobgoblin.
You shoot an arrow. The arrow closely misses the hobgoblin.
You shoot an arrow. The arrow closely misses the hobgoblin.
You shoot an arrow. The arrow hits the hobgoblin!
You kill the hobgoblin!
Your Fighting skill increases to level 3!
No target in view!
No target in view!
No target in view!
A quokka comes into view.
There is a stone staircase leading down here.
Things that are here:
a scroll labelled SUL DATHRIASACW; a hobgoblin corpse A quokka is nearby!
You shoot an arrow. The arrow closely misses the quokka.
The quokka barely misses you. The quokka bites you.
You shoot an arrow. The arrow closely misses the quokka.
The quokka bites you.
You shoot an arrow. The arrow hits the quokka!
You kill the quokka!
No target in view!
Are you sure you want to abandon this character and quit the game? (Confirm with "yes".)

#.. .## #.# ..# ##....
#.# ... .....## #.#
#.###....... #.#
#........... #.# #..#
....... #.# ##..#
.......
####.#####...##.......
###.............@.......
.......#######.##.......
###.####...[....#.......
................#.......
................##.....#
......................##
........................
.........†......###.....
..........†.....#


There were no monsters in sight!

Vanquished Creatures
  An adder (D:2)
  A dart slug (D:1)
  A ball python (D:1)
  3 bats
  An endoplasm (D:1)
  2 goblins (D:1)
  A hobgoblin (D:2)
  4 jackals (D:2)
  2 quokkas
  2 frilled lizards (D:1)
  2 kobolds (D:1)
  4 rats (D:1)
24 creatures vanquished.

Notes
Turn   | Place    | Note
-------+----------+-------------------------------------------
     0 | D:1      | zishaf the Human Hunter began the quest for the Orb.
     0 | D:1      | Reached XP level 1. HP: 16/16 MP: 1/1
    95 | D:1      | Reached XP level 2. HP: 22/22 MP: 2/2
   272 | D:1      | Found a faded altar of an unknown god.
   767 | D:2      | Reached XP level 3. HP: 28/28 MP: 3/3
   863 | D:2      | Quit the game

Illustrated notes

Levels and vault maps discovered:
D:1:      dpeg_arrival_subterranean_lakeside_camping, layout_basic,
          shapermc_ecumenical_altar_venn
D:2:      layout_rooms, kennysheep_path_1, glass_columns_c, minmay_fountain_box

Skill      XL: |  1  2  3 |
---------------+----------+-----
Fighting       | 3 |  3.0
Bows           | |  4.6
Dodging        | |  2.0
Stealth        | |  1.0

Action                   || total
-------------------------++-------
 Fire: Shortbow          ||    71
Armor: Leather armour    ||    10
Dodge: Dodged            ||    25

Table legend: (Time is in decaauts)
 A = Elapsed time spent in this place.
 B = Non-inter-level travel time spent in this place.
 C = Inter-level travel time spent in this place.
 D = Time resting spent in this place.
 E = Time spent auto-exploring this place.
 F = Levels seen in this place.
 G = Mean time per level.
                   A        B        C        D        E       F      G
               +--------+--------+--------+--------+--------+-----+--------+
         Total |    889 |    867 |     22 |      0 |    732 |   2 |  444.5 |
       Dungeon |    889 |    867 |     22 |      0 |    732 |   2 |  444.5 |
               +--------+--------+--------+--------+--------+-----+--------+

Top non-repeatable levels by time:
     D:1: 779 daAuts
     D:2: 110 daAuts
